 Dungeon Crawl Stone Soup version 0.30-a0-782-ge64f9170bb (webtiles) character file.

Game seed: 12956084993787118754

44 mopl the Magician (level 3, -7/21 HPs)
             Began as an Octopode Hedge Wizard on Feb 22, 2023.
             Mangled by a gnoll
             ... wielding a +0 halberd
              (13 damage)
             ... on level 3 of the Dungeon.
             The game lasted 00:02:15 (1605 turns).

mopl the Magician (Octopode Hedge Wizard)           Turns: 1605, Time: 00:02:15

Health: -7/21      AC:  1    Str:  9    XL:     3   Next: 62%
Magic:  7/7        EV: 13    Int: 18    God:
Gold:   102        SH:  0    Dex: 11    Spells: 5/8 levels left

rFire   + + .      SeeInvis .    a - +0 dagger
rCold   . . .      Faith    .    (no shield)
rNeg    . . .      Spirit   .    b - +0 hat
rPois   .          Reflect  .    (no amulet)
rElec   .          Harm     .    d - ring of protection from fire
rCorr   .          Rampage  .    i - ring of flight
Will    .....                    l - ring of protection from fire
Stlth   +++                      (no ring)
HPRegen 0.23/turn                (no ring)
MPRegen 0.10/turn                (no ring)
                                 (no ring)
                                 (no ring)

@: flying
A: almost no armour, amphibious, 8 rings, camouflage 1, gelatinous body 1,
(nimble swimmer 1), tentacles
a: no special abilities


You were on level 3 of the Dungeon.
You visited 1 branch of the dungeon, and saw 3 of its levels.

You collected 102 gold pieces.

Inventory:

Hand Weapons
 a - a +0 dagger (weapon)
Missiles
 o - 6 poisoned darts
Armour
 b - a +0 hat (worn)
Magical Staves
 f - a staff of death
Jewellery
 d - a ring of protection from fire (left tentacle)
 i - a ring of flight (right tentacle)
 l - a ring of protection from fire (on tentacle)
Wands
 p - a wand of flame (21)
Scrolls
 h - 2 scrolls of magic mapping {unknown}
 k - a scroll of immolation {unknown}
 n - 2 scrolls of identify {unknown}
Potions
 c - 2 potions of magic
 e - a potion of brilliance {unknown}
 g - a potion of curing {unknown}
 j - a potion of ambrosia {unknown}
 m - a potion of berserk rage {unknown}
 q - a potion of flight {unknown}


   Skills:
 - Level 2.0 Dodging
 - Level 2.6 Stealth
 + Level 3.4 Spellcasting
 + Level 2.1 Conjurations
 - Level 1.0 Summonings
 + Level 2.0 Translocations


You had 5 spell levels left.
You knew the following spells:

 Your Spells              Type           Power      Damage    Failure   Level
a - Magic Dart            Conj           40%        1d5       7%          1
e - Blink                 Tloc           20%        N/A       11%         2

Your spell library contained the following spells:

 Spells                   Type           Power      Damage    Failure   Level
 Kiss of Death            Conj/Necr      24%        2d7       11%         1
 Slow                     Hex            12%        N/A       16%         1
 Call Imp                 Summ           6%         N/A       16%         2
 Cigotuvi's Dreadful Rot  Necr/Pois/Air  6%         N/A       24%         2
 Mephitic Cloud           Conj/Pois/Air  5%         N/A       34%         3
 Confusing Touch          Hex            3%         N/A       43%         3
 Dispel Undead            Necr           3%         3d7       83%         4


Dungeon Overview and Level Annotations

Branches:
Dungeon (3/15)

Altars:

Shops:
D:1 [


Innate Abilities, Weirdness & Mutations

You cannot wear most types of armour.
You are amphibious.
You can wear up to eight rings at the same time.
Your skin changes colour to match your surroundings (Stealth+).
Your rubbery body absorbs attacks. (AC +1, EV +1)
((You are camouflaged when in or above water. (Stealth+)))
You have tentacles for arms and can constrict up to eight enemies at once.


Message History

The magic dart hits the bat.
You kill the bat!
You can't see any susceptible monsters within range! (Use Z to cast anyway.)
You can't see any susceptible monsters within range! (Use Z to cast anyway.)
Your magical contamination has completely faded away.
You see here a stone.
Done exploring.
Done exploring.
(D) Dungeon
Where to? (Enter - D:2, ? - help)
What level of the Dungeon? (default 1, ? - help)
There is a stone staircase leading down here.
You fly downwards.
There is a stone staircase leading up here.
You now have 102 gold pieces (gained 8).
Found an escape hatch in the ceiling.
p - a wand of flame (21)
q - a lumpy brown potion You reach down and open the door.
There is an open door here.
An endoplasm comes into view.
An endoplasm is nearby!
The magic dart hits the endoplasm.
The endoplasm is almost dead.
The endoplasm quivers.
The magic dart hits the endoplasm.
You kill the endoplasm!
You can't see any susceptible monsters within range! (Use Z to cast anyway.)
You can't see any susceptible monsters within range! (Use Z to cast anyway.) 2 gnolls and a rat come into view.
The gnoll shouts!
There is an open door here.
The gnoll barely misses you. The gnoll hits you with a +0 halberd!
Ouch! That really hurt!
* * * LOW HITPOINT WARNING * * *
There is an open door, spattered with blood here.
The gnoll hits you from afar with a +0 halberd!
Ouch! That really hurt!
You die...

####.# #.# #.# #.#
#.# #.#
#g#############.
###'##............
#...@.............
#.................
#...............#
#...........<...#
#...............#
#.......#########
#.......#
#.......#
#.......###


You could see a gnoll.

Vanquished Creatures
  2 adders (D:2)
  A dart slug (D:1)
  6 bats
  5 endoplasms
  2 giant cockroaches (D:2)
  A kobold (D:1)
  A frilled lizard (D:2)
  5 rats
23 creatures vanquished.

Notes
Turn   | Place    | Note
-------+----------+-------------------------------------------
     0 | D:1      | mopl the Octopode Hedge Wizard began the quest for the Orb.
     0 | D:1      | Reached XP level 1. HP: 11/11 MP: 4/4
   333 | D:1      | Reached XP level 2. HP: 17/17 MP: 0/6
   358 | D:1      | Learned a level 2 spell: Blink
   443 | D:1      | You are sucked into a shaft and drop 1 floor!
   620 | D:1      | Found Kextowk's Armour Shoppe.
  1048 | D:2      | Reached XP level 3. HP: 10/21 MP: 0/7
  1245 | D:2      | Reached skill level 2 in Conjurations
  1338 | D:2      | Reached skill level 2 in Translocations
  1605 | D:3      | Mangled by a gnoll

Illustrated notes

Levels and vault maps discovered:
D:1:      elethiomel_arrival_quiet, layout_basic, serial_shops, shop,
          grunt_decor_cap, columned_hall_lemuel, minivault_23
D:2:      layout_rooms
D:3:      layout_basic

Skill      XL: |  1  2  3 |
---------------+----------+-----
Conjurations   | 2 |  2.1
Translocations | 2 |  2.0
Dodging        | |  2.0
Stealth        | |  2.6
Spellcasting   | |  3.4
Summonings     | |  1.0

Action                     || total
---------------------------++-------
  Melee: Dagger            ||    20
         Constrict         ||     2
         Tentacles         ||     4
   Cast: Magic Dart        ||    38
   Stab: Sleeping          ||     4
 Armour: Skin              ||     9
  Dodge: Dodged            ||    14

Table legend: (Time is in decaauts)
 A = Elapsed time spent in this place.
 B = Non-inter-level travel time spent in this place.
 C = Inter-level travel time spent in this place.
 D = Time resting spent in this place.
 E = Time spent auto-exploring this place.
 F = Levels seen in this place.
 G = Mean time per level.
                   A        B        C        D        E       F      G
               +--------+--------+--------+--------+--------+-----+--------+
         Total |   1603 |   1540 |     63 |     77 |   1281 |   3 |  534.3 |
       Dungeon |   1603 |   1540 |     63 |     77 |   1281 |   3 |  534.3 |
               +--------+--------+--------+--------+--------+-----+--------+

Top non-repeatable levels by time:
     D:1: 964 daAuts
     D:2: 524 daAuts
     D:3: 114 daAuts
